 Dungeon Crawl Stone Soup version 0.20-a0-785-g17250f0 (webtiles) character file.

1645 Alarkh the Slasher (level 8, -7/70 HPs)
             Began as a Centaur Monk on Feb 27, 2017.
             Was a Believer of Okawaru.
             Mangled by Edmund
             ... wielding a +2 dire flail of protection
              (9 damage)
             ... on level 6 of the Dungeon.
             The game lasted 00:08:59 (6804 turns).

Alarkh the Slasher (Centaur Monk)                   Turns: 6804, Time: 00:08:59

Health: -7/70      AC:  6    Str: 15      XL:     8   Next: 67%
Magic:  8/8        EV: 12    Int: 11      God:    Okawaru [**....]
Gold:   275        SH:  0    Dex: 12 (14) Spells: 7/7 levels left

rFire    . . .     SeeInvis .   a - +1 falchion
rCold    . . .     Gourm    .   b - +2 robe
rNeg     . . .     Faith    .   (no shield)
rPois    .         Spirit   .   (no helmet)
rElec    .         Reflect  .   (no cloak)
rCorr    .         Harm     .   (no gloves)
MR       +....                  (no barding)
Stlth    +.........             v - amulet of regeneration
Regen    0.7/turn               k - +3 ring of dexterity
MPRegen  0.2/turn               o - ring of protection from magic

@: very slightly contaminated, very quick
A: hooves 3, deformed body, speed 2, tough skin 3
a: Heroism, Renounce Religion


You were on level 6 of the Dungeon.
You worshipped Okawaru.
Okawaru was pleased with you.
You were hungry.

You visited 2 branches of the dungeon, and saw 7 of its levels.

You collected 275 gold pieces.

Inventory:

Hand Weapons
 a - a +1 falchion (weapon)
 E - a -3 long sword
Armour
 b - a +2 robe (worn)
Magical Staves
 w - an uncursed staff of energy
Jewellery
 k - a +3 ring of dexterity (right hand)
 l - an uncursed ring of positive energy
 m - an uncursed ring of protection from fire
 o - a ring of protection from magic (left hand)
 v - an amulet of regeneration (around neck)
 G - an uncursed ring of protection from magic
Wands
 y - a wand of iceblast (8/15)
Scrolls
 d - a scroll of fog
 e - a scroll of identify
 g - 4 scrolls of enchant weapon
 h - a scroll of blinking
 i - 2 scrolls of remove curse
 j - a scroll of amnesia
 n - a scroll of recharging {unknown}
 u - a scroll of immolation {unknown}
 x - 3 scrolls of enchant armour
 H - a scroll of teleportation {unknown}
Potions
 p - a potion of curing
 q - 2 potions of mutation
 r - a potion of heal wounds
 t - a potion of resistance
 z - a potion of brilliance {unknown}
 A - a potion of cancellation {unknown}
 B - 2 potions of flight {unknown}
 C - a potion of berserk rage {unknown}
 D - a potion of agility {unknown}
Books
 s - a book of Misfortune

   Spells                             Type                      Level
   a - Confusing Touch                Hexes                        1
   b - Confuse                        Hexes                        3
   c - Gell's Gravitas                Translocation                3
   d - Petrify                        Transmutation/Earth          4
   e - Metabolic Englaciation         Hexes/Ice                    5
   f - Yara's Violent Unravelling     Hexes/Transmutation          5
Comestibles
 c - 3 bread rations
 f - 4 meat rations
 F - a royal jelly
 I - 2 chunks of flesh


   Skills:
 + Level 6.2 Fighting
 * Level 7.8 Long Blades
 + Level 4.6 Dodging
 - Level 1.1 Stealth


You had 7 spell levels left.
You didn't know any spells.

Dungeon Overview and Level Annotations

Branches:
Dungeon (6/15)             Temple (1/1) D:6

Altars:
Ashenzari
Cheibriados
Elyvilon
Fedhas
Hepliaklqana
Kikubaaqudgha
Makhleb
Nemelex Xobeh
Okawaru
Qazlal
Ru
Sif Muna
Trog
Vehumet
Wu Jian
Xom
Yredelemnul

Annotations:
D:6 Edmund


Innate Abilities, Weirdness & Mutations

You have hooves in place of feet.
Armour fits poorly on your strangely shaped body.
You cover ground very quickly.
You have extremely tough skin. (AC +3)


Message History

The orc is heavily wounded.
The orc hits you but does no damage.
Edmund mutters, "Who needs spells, anyway?"
You hit the orc.
You kill the orc!
Okawaru accepts your kill. The orc hits you but does no damage.
The orc priest looks satisfied for a moment.
You hit the orc warrior but do no damage.
The orc hits you but does no damage.
The orc warrior hits you with an enchanted war axe!
* * * LOW HITPOINT WARNING * * *
You closely miss the orc warrior. The orc hits you but does no damage.
The orc warrior hits you with an enchanted war axe!
* * * LOW HITPOINT WARNING * * *
You hit the orc warrior. Your kick misses the orc warrior.
The orc warrior is lightly wounded.
The orc barely misses you.
Edmund hits you with a dire flail of protection!
You die...

.#........#...#######.......#
.#........#...#............##
.#...)....'...'.(..........#
.#.......##...#............#
...................(...#####
####.#.................#
.....#.########.(......##########
######.# # #..................
.......# ..####.@................
######## ......@oo...............
.......o................
........####............ #######
..#####.# #............ ......# .
#o# ###.......... ......# #o#
#.......... ......# #)#
#.......... ......#
#......oa...############


You could see Edmund, an orc warrior, an orc priest and 3 orcs.

Vanquished Creatures
  Pikel (D:6)
  Sigmund (D:6)
  A sky beast (D:5)
  A slave (D:6)
  2 ogres
  2 scorpions (D:5)
  A quasit (D:6)
  4 hounds
  7 orc wizards
  An orc priest (D:3)
  2 worker ants
  A killer bee zombie (D:6)
  A hound zombie (D:5)
  A gnoll (D:1)
  11 adders
  3 oozes
  2 worms
  3 dart slugs
  3 leopard geckos
  18 orcs
  8 bats
  8 giant cockroaches
  7 goblins
  5 hobgoblins
  12 jackals
  A quokka (D:4)
  2 frilled lizards
  A jackal skeleton (D:4)
  A jackal zombie (D:5)
  7 kobolds
  10 rats
128 creatures vanquished.

Notes
Turn   | Place    | Note
-------+----------+-------------------------------------------
     0 | D:1      | Alarkh the Centaur Monk began the quest for the Orb.
     0 | D:1      | Reached XP level 1. HP: 19/19 MP: 1/1
   171 | D:1      | Reached XP level 2. HP: 21/26 MP: 2/2
   180 | D:1      | Reached skill level 3 in Long Blades
   583 | D:1      | Reached XP level 3. HP: 9/31 MP: 3/3
  1283 | D:2      | Reached XP level 4. HP: 20/38 MP: 4/4
  1426 | D:1      | Reached skill level 4 in Long Blades
  2248 | D:2      | Found a burning altar of Makhleb.
  2261 | D:2      | Reached XP level 5. HP: 37/46 MP: 5/5
  2942 | D:3      | Reached XP level 6. HP: 46/52 MP: 6/6
  3319 | D:3      | Reached skill level 5 in Long Blades
  3451 | D:4      | Found a white marble altar of Elyvilon.
  3986 | D:4      | Reached XP level 7. HP: 47/60 MP: 7/7
  4094 | D:5      | Entered Level 5 of the Dungeon
  4506 | D:5      | Found a snail-covered altar of Cheibriados.
  4593 | D:5      | Found an ancient bone altar of Kikubaaqudgha.
  5019 | D:5      | Reached skill level 6 in Long Blades
  5104 | D:5      | Found a shattered altar of Ashenzari.
  5226 | D:5      | Found a hazy altar of Hepliaklqana.
  5395 | D:5      | Reached skill level 5 in Fighting
  5431 | D:6      | Found a sparkling altar of Nemelex Xobeh.
  5533 | D:6      | Noticed Edmund
  5534 | D:6      | Found a staircase to the Ecumenical Temple.
  5539 | D:6      | Noticed Sigmund
  5543 | Temple   | Entered the Ecumenical Temple
  5755 | Temple   | Became a worshipper of Warmaster Okawaru
  5755 | Temple   | Reached * piety under Okawaru
  5755 | Temple   | Reached ** piety under Okawaru
  6117 | D:6      | Killed Sigmund
  6117 | D:6      | Reached XP level 8. HP: 44/69 MP: 8/8
  6359 | D:6      | Noticed Pikel
  6489 | D:6      | Killed Pikel
  6489 | D:6      | Reached skill level 7 in Long Blades
  6606 | D:6      | Found a shimmering altar of Xom.
  6607 | D:6      | Found a white marble altar of Elyvilon.
  6803 | D:6      | HP: 1/70 [orc warrior/enchanted war axe (15)]
  6804 | D:6      | Mangled by Edmund

Vault maps used:
D:1:      lightli_arrival_lavapool, hangedman_decor_growths
D:2:      makhleb_heckhound_becter
D:4:      first_bread, elyvilon_altar_4
D:5:      cheibrodos_ashenzari_chains, old_standard_altar,
          overflow_temple_1_default, marbit_many_paths
D:6:      nemelex_xobeh_ov_fountains_minmay, gammafunk_temple_overflow_statue,
          minmay_temple_entry_trees, uniq_pikel, uniq_edmund, uniq_sigmund
Temple:   compressed_dpeg_triangle_lava_temple

Skill      XL: |  1  2  3  4  5  6  7  8 |
---------------+-------------------------+-----
Long Blades    | 3 4 5 6 7 |  7.8
Fighting       | 4 5 6 |  6.2
Dodging        | 3 4 |  4.6
Stealth        | |  1.1

Action                   |  1- 3 |  4- 6 |  7- 9 || total
-------------------------+-------+-------+-------++-------
Melee: Falchion          |    97 |   243 |   288 ||   628
       Kick              |    20 |    62 |    96 ||   178
  Use: Scroll            |     3 |     4 |     4 ||    11
       Potion            |       |     2 |       ||     2
 Stab: Sleeping          |       |     1 |       ||     1
  Eat: Chunk             |     1 |     7 |     2 ||    10
       Meat ration       |       |       |     1 ||     1
Armor: Robe              |    41 |    84 |    95 ||   220
Dodge: Dodged            |    49 |   137 |   128 ||   314
       Rpst.: Falchion   |    20 |    46 |    34 ||   100
